 Dungeon Crawl Stone Soup version 0.31-a0-1074-g0b22e4e0f1 (webtiles) character file.

Game seed: 10512313951329601363

690 dialectric the Covert (level 7, 0/36 HPs)
             Began as a Spriggan Delver on Dec 1, 2023.
             Succumbed to a gnoll's poison
             ... on level 7 of the Dungeon.
             The game lasted 00:06:27 (3795 turns).

dialectric the Covert (Spriggan Delver)             Turns: 3795, Time: 00:06:28

Health: 0/36       AC:  3    Str:  6 (8)  XL:     7   Next: 36%
Magic:  8/8        EV: 20    Int: 12      God:
Gold:   275        SH:  0    Dex: 15 (18) Spells: 6/6 levels left

rFire   . . .        m - +2 short sword (speed)
rCold   . . .        (no shield)
rNeg    . . .        b - +1 robe
rPois   .            (helmet restricted)
rElec   .            (no cloak)
rCorr   .            (gloves unavailable)
SInv    +            (boots unavailable)
Will    +....        (no amulet)
Stlth   ++++         r - ring of flight
HPRegen 0.26/turn    (no ring)
MPRegen 0.11/turn

%: no passive effects
@: lethally poisoned (0 -> -8), flying, very quick
A: very small, no large weapons, unfitting armour, see invisible, speed 3
a: no special abilities


You were on level 7 of the Dungeon.
You visited 1 branch of the dungeon, and saw 7 of its levels.

You collected 275 gold pieces.

Inventory:

Hand Weapons
 a - a +0 short sword
 m - a +2 short sword of speed (weapon)
Armour
 b - a +1 robe (worn)
Jewellery
 r - a ring of flight (left hand)
Wands
 g - a wand of digging (2)
Scrolls
 c - 2 scrolls of fog
 d - a scroll of revelation
 e - 2 scrolls of fear
 h - a scroll of enchant armour
 i - a scroll of amnesia {unknown}
 j - a scroll of poison
 l - 4 scrolls of teleportation
 q - a scroll of identify {unknown}
Potions
 f - a potion of haste


   Skills:
 - Level 3.1 Fighting
 + Level 5.3 Short Blades
 + Level 6.3 Dodging
 + Level 10.1 Stealth


You had 6 spell levels left.
You didn't know any spells.
Your spell library contained the following spells:

 Spells                   Type           Power      Damage    Failure   Level
 Hailstorm                Conj/Ice       0%         3d3       69%         3
 Tukima's Dance           Hex            0%         N/A       69%         3
 Dimensional Bullseye     Hex/Tloc       0%         N/A       97%         4
 Iskenderun's Mystic Bla  Conj/Tloc      0%         2d3       97%         4
 Summon Ice Beast         Ice/Summ       0%         N/A       97%         4
 Polar Vortex             Ice            0%         N/A       100%        9


Dungeon Overview and Level Annotations

Branches:
Dungeon (7/15)
 Temple: D:4-7

Altars:
Qazlal

Shops:
D:5 *

Annotations:
D:5 Menkaure


Innate Abilities, Weirdness & Mutations

You are very small and have problems with some larger weapons.
You are too small for most types of armour.
You have supernaturally acute eyesight. (SInv)
You cover ground extremely quickly. (Speed+++)


Message History

You feel sick.
A black bear comes into view.
A black bear comes into view.
You feel sick.
An orc comes into view. It is wielding a +0 hand axe.
You feel sick.
An orc comes into view. It is wielding a +0 dagger.
The orc moves out of view.
An ogre comes into view. It is wielding a +0 giant spiked club.
You feel sick.
The orc shouts!
An orc wizard comes into view. It is wielding a +0 dagger.
You feel sick.
The orc shouts!
The black bear growls angrily.
You hear a shout!
The ogre shouts!
The orc wizard shouts!
You feel sick. The hound attacks as it pursues you!
The hound closely misses you.
There is a stone staircase leading down here.
You feel sick. The hound barely misses you. The hound misses you.
You fly downwards.
You feel sick.
The gnoll bouda shouts!
The gnoll shouts! x2
There is a stone staircase leading up here.
Unknown command.
Unknown command.
You feel sick. The hound misses you.
Found 29 gold pieces.
The gnoll bouda barks out a call to the hunt!
The gnolls pick up the pace!
The gnoll hits you from afar with a +0 spear of venom.
* * * LOW HITPOINT WARNING * * *
You are lethally poisoned!
The hound attacks as it pursues you! The hound closely misses you.
Okay, then.
Found a stone staircase leading up.
* * * LOW HITPOINT WARNING * * *
You feel sick.
* * * LOW HITPOINT WARNING * * *
You feel sick.
A white imp comes into view.
You die...

#.... # ## #...
..
##.##.##..####..
#.gg..<#...#$...
#....g.#.....#..
#..#.g.g........
#....##h........
#.... ##..#....
##... #.@## ...
#.............#
.....#..#....##
......##....5...
.#.# ... ..#..
#. ....<.... #
.... ..##
......###


You could see a hound, 2 gnolls and a white imp (asleep).

Vanquished Creatures
  2 water moccasins (D:5)
  A phantom (D:4)
  2 scorpions
  3 howler monkeys
  An iguana (D:6)
  A gnoll (D:2)
  4 adders
  2 ufetubi (D:4)
  5 dart slugs
  3 orcs (D:4)
  10 endoplasms
  7 giant cockroaches
  8 goblins
  7 hobgoblins
  2 jackals (D:1)
  A quokka (D:1)
  5 ball pythons
  3 bats
  6 frilled lizards
  5 kobolds
  6 rats
84 creatures vanquished.

Notes
Turn   | Place    | Note
-------+----------+-------------------------------------------
     0 | D:5      | dialectric the Spriggan Delver began the quest for the Orb.
     0 | D:5      | Reached XP level 1. HP: 11/11 MP: 2/2
     3 | D:5      | Noticed a howler monkey
     9 | D:5      | Killed a howler monkey
    10 | D:5      | Reached XP level 2. HP: 16/16 MP: 3/3
    10 | D:5      | Reached XP level 3. HP: 19/19 MP: 4/4
    14 | D:5      | Noticed a scorpion
    21 | D:5      | Noticed a scorpion
    22 | D:5      | Killed a scorpion
    23 | D:5      | Reached skill level 8 in Stealth
    23 | D:5      | Reached XP level 4. HP: 24/24 MP: 5/5
    48 | D:5      | Noticed a water moccasin
   206 | D:3      | Reached XP level 5. HP: 28/28 MP: 6/6
  1032 | D:1      | Found a faded altar of an unknown god.
  1220 | D:1      | Got the Enchiridion on the Deep Freeze
  1751 | D:4      | Reached XP level 6. HP: 32/32 MP: 7/7
  1769 | D:4      | Found a stormy altar of Qazlal.
  1799 | D:4      | Reached skill level 5 in Dodging
  1799 | D:4      | Reached skill level 9 in Stealth
  2345 | D:4      | Noticed an ice beast
  3308 | D:5      | Killed a water moccasin
  3309 | D:5      | Reached XP level 7. HP: 28/36 MP: 8/8
  3515 | D:5      | Found Ceakhot's General Store.
  3515 | D:5      | Noticed Menkaure
  3520 | D:5      | Reached skill level 5 in Short Blades
  3520 | D:5      | Reached skill level 10 in Stealth
  3795 | D:7      | Succumbed to a gnoll's poison

Illustrated notes

Levels and vault maps discovered:
D:1:      psy_arrival_fountain, layout_loops_ring,
          hellmonk_ecumenical_altar_inner_sanctum
D:2:      minmay_diamond_boxcup, layout_rooms, moated_statue,
          serial_bayou_pond_e, grunt_decor_mini_mirrors, minmay_pentomino_p4
D:3:      minmay_wonky_spiral, layout_loops_ring, hellmonk_sif_muna_bookshelves,
          nzn_wu_jian_council_hall, skrybe_limestone_x
D:4:      layout_basic, grunt_qazlal_sundering
D:5:      layout_loops_cross, minivault_25, kennysheep_windowed_goal,
          uniq_menkaure
D:6:      layout_rooms, mainiacjoe_overflow_six_doors_small,
          minmay_temple_entry_waves, hex_intersection, uniq_edmund,
          uniq_blork_the_orc
D:7:      layout_cave_pools, gammafunk_ghost_stat_death,
          roderic_serpentine_path, hangedman_abyss_or_decor_stabs

Skill      XL: |  1  2  3  4  5  6  7 |
---------------+----------------------+-----
Dodging        | 3 4 5 6 |  6.3
Fighting       | 3 |  3.1
Short Blades   | 3 4 5 |  5.3
Stealth        | 8 9 10 | 10.1

Action                     |  1- 3 |  4- 6 |  7- 9 || total
---------------------------+-------+-------+-------++-------
  Melee: Short sword       |     2 |   284 |    33 ||   319
         Punch             |       |     4 |     1 ||     5
  Evoke: Wand              |       |     1 |       ||     1
    Use: Scroll            |       |     2 |     1 ||     3
         Potion            |       |     4 |       ||     4
   Stab: Sleeping          |     2 |    25 |     1 ||    28
         Distracted        |       |     2 |       ||     2
 Armour: Robe              |       |    59 |    10 ||    69
  Dodge: Dodged            |       |   205 |    18 ||   223

Table legend: (Time is in decaauts)
 A = Elapsed time spent in this place.
 B = Non-inter-level travel time spent in this place.
 C = Inter-level travel time spent in this place.
 D = Time resting spent in this place.
 E = Time spent auto-exploring this place.
 F = Levels seen in this place.
 G = Mean time per level.
                   A        B        C        D        E       F      G
               +--------+--------+--------+--------+--------+-----+--------+
         Total |   2665 |   2616 |     49 |    592 |   1254 |   7 |  380.7 |
       Dungeon |   2665 |   2616 |     49 |    592 |   1254 |   7 |  380.7 |
               +--------+--------+--------+--------+--------+-----+--------+

Top non-repeatable levels by time:
     D:4: 979 daAuts
     D:5: 451 daAuts
     D:1: 440 daAuts
     D:3: 295 daAuts
     D:2: 294 daAuts
     D:6: 202 daAuts
     D:7: 3 daAuts
